%YAML 1.1
%TAG !u! tag:unity3d.com,2011:
--- !u!114 &901531894650332771
MonoBehaviour:
  m_ObjectHideFlags: 0
  m_CorrespondingSourceObject: {fileID: 0}
  m_PrefabInstance: {fileID: 0}
  m_PrefabAsset: {fileID: 0}
  m_GameObject: {fileID: 742997995521833790}
  m_Enabled: 1
  m_EditorHideFlags: 0
  m_Script: {fileID: 11500000, guid: 4efa13d1c5784b943806b0538c1fd14b, type: 3}
  m_Name: 
  m_EditorClassIdentifier: 
--- !u!114 &6870214081090208185
MonoBehaviour:
  m_ObjectHideFlags: 0
  m_CorrespondingSourceObject: {fileID: 0}
  m_PrefabInstance: {fileID: 0}
  m_PrefabAsset: {fileID: 0}
  m_GameObject: {fileID: 1626410028614198263}
  m_Enabled: 1
  m_EditorHideFlags: 0
  m_Script: {fileID: 11500000, guid: 56a675e4945754c488aa42b89ea2b406, type: 3}
  m_Name: 
  m_EditorClassIdentifier: 
  MovePos: {x: -3, y: -4, z: -3.99}
  Speed: 1
  Move: 1
  Rotate: 0
--- !u!114 &6831224086136886355
MonoBehaviour:
  m_ObjectHideFlags: 0
  m_CorrespondingSourceObject: {fileID: 0}
  m_PrefabInstance: {fileID: 0}
  m_PrefabAsset: {fileID: 0}
  m_GameObject: {fileID: 1713006662610065896}
  m_Enabled: 1
  m_EditorHideFlags: 0
  m_Script: {fileID: 11500000, guid: 4efa13d1c5784b943806b0538c1fd14b, type: 3}
  m_Name: 
  m_EditorClassIdentifier: 
--- !u!114 &5913441332911848126
MonoBehaviour:
  m_ObjectHideFlags: 0
  m_CorrespondingSourceObject: {fileID: 0}
  m_PrefabInstance: {fileID: 0}
  m_PrefabAsset: {fileID: 0}
  m_GameObject: {fileID: 5078647631653584868}
  m_Enabled: 1
  m_EditorHideFlags: 0
  m_Script: {fileID: 11500000, guid: 56a675e4945754c488aa42b89ea2b406, type: 3}
  m_Name: 
  m_EditorClassIdentifier: 
  MovePos: {x: -1, y: 4, z: 0}
  Speed: 1
  Move: 1
  Rotate: 0
--- !u!114 &1526617326156956485
MonoBehaviour:
  m_ObjectHideFlags: 0
  m_CorrespondingSourceObject: {fileID: 0}
  m_PrefabInstance: {fileID: 0}
  m_PrefabAsset: {fileID: 0}
  m_GameObject: {fileID: 5537920833328918991}
  m_Enabled: 1
  m_EditorHideFlags: 0
  m_Script: {fileID: 11500000, guid: 56a675e4945754c488aa42b89ea2b406, type: 3}
  m_Name: 
  m_EditorClassIdentifier: 
  MovePos: {x: 3, y: 4, z: -3.967629}
  Speed: 1
  Move: 1
  Rotate: 0
--- !u!114 &5061799203619132099
MonoBehaviour:
  m_ObjectHideFlags: 0
  m_CorrespondingSourceObject: {fileID: 0}
  m_PrefabInstance: {fileID: 0}
  m_PrefabAsset: {fileID: 0}
  m_GameObject: {fileID: 6166968078840900383}
  m_Enabled: 1
  m_EditorHideFlags: 0
  m_Script: {fileID: 11500000, guid: 56a675e4945754c488aa42b89ea2b406, type: 3}
  m_Name: 
  m_EditorClassIdentifier: 
  MovePos: {x: 1, y: -4, z: -3.967629}
  Speed: 1
  Move: 1
  Rotate: 0
--- !u!114 &4568286106081941823
MonoBehaviour:
  m_ObjectHideFlags: 0
  m_CorrespondingSourceObject: {fileID: 0}
  m_PrefabInstance: {fileID: 0}
  m_PrefabAsset: {fileID: 0}
  m_GameObject: {fileID: 7497839178356832599}
  m_Enabled: 1
  m_EditorHideFlags: 0
  m_Script: {fileID: 11500000, guid: 4efa13d1c5784b943806b0538c1fd14b, type: 3}
  m_Name: 
  m_EditorClassIdentifier: 
--- !u!1 &8130105155650924198
GameObject:
  m_ObjectHideFlags: 0
  m_CorrespondingSourceObject: {fileID: 0}
  m_PrefabInstance: {fileID: 0}
  m_PrefabAsset: {fileID: 0}
  serializedVersion: 6
  m_Component:
  - component: {fileID: 7862639942534528053}
  m_Layer: 0
  m_Name: Level_32
  m_TagString: Untagged
  m_Icon: {fileID: 0}
  m_NavMeshLayer: 0
  m_StaticEditorFlags: 0
  m_IsActive: 1
--- !u!4 &7862639942534528053
Transform:
  m_ObjectHideFlags: 0
  m_CorrespondingSourceObject: {fileID: 0}
  m_PrefabInstance: {fileID: 0}
  m_PrefabAsset: {fileID: 0}
  m_GameObject: {fileID: 8130105155650924198}
  m_LocalRotation: {x: 0, y: 0, z: 0, w: 1}
  m_LocalPosition: {x: 0, y: 0, z: 0}
  m_LocalScale: {x: 1, y: 1, z: 1}
  m_Children:
  - {fileID: 6607815698798366757}
  - {fileID: 5060312704649507571}
  - {fileID: 8622493401182501593}
  - {fileID: 2828700651038992074}
  - {fileID: 3306151155574335713}
  - {fileID: 3795993073057755697}
  - {fileID: 4175304018755621452}
  m_Father: {fileID: 0}
  m_RootOrder: 0
  m_LocalEulerAnglesHint: {x: 0, y: 0, z: 0}
--- !u!1001 &371336432132909650
PrefabInstance:
  m_ObjectHideFlags: 0
  serializedVersion: 2
  m_Modification:
    m_TransformParent: {fileID: 7862639942534528053}
    m_Modifications:
    - target: {fileID: 5814771983812739405, guid: ecdfeafcd625af941959048c9dfd1bed,
        type: 3}
      propertyPath: m_Name
      value: BollKill (35)
      objectReference: {fileID: 0}
    - target: {fileID: 3569475516442482787, guid: ecdfeafcd625af941959048c9dfd1bed,
        type: 3}
      propertyPath: m_LocalPosition.x
      value: 1
      objectReference: {fileID: 0}
    - target: {fileID: 3569475516442482787, guid: ecdfeafcd625af941959048c9dfd1bed,
        type: 3}
      propertyPath: m_LocalPosition.y
      value: 4
      objectReference: {fileID: 0}
    - target: {fileID: 3569475516442482787, guid: ecdfeafcd625af941959048c9dfd1bed,
        type: 3}
      propertyPath: m_LocalPosition.z
      value: -3.967629
      objectReference: {fileID: 0}
    - target: {fileID: 3569475516442482787, guid: ecdfeafcd625af941959048c9dfd1bed,
        type: 3}
      propertyPath: m_LocalRotation.x
      value: 0
      objectReference: {fileID: 0}
    - target: {fileID: 3569475516442482787, guid: ecdfeafcd625af941959048c9dfd1bed,
        type: 3}
      propertyPath: m_LocalRotation.y
      value: 0
      objectReference: {fileID: 0}
    - target: {fileID: 3569475516442482787, guid: ecdfeafcd625af941959048c9dfd1bed,
        type: 3}
      propertyPath: m_LocalRotation.z
      value: 0
      objectReference: {fileID: 0}
    - target: {fileID: 3569475516442482787, guid: ecdfeafcd625af941959048c9dfd1bed,
        type: 3}
      propertyPath: m_LocalRotation.w
      value: 1
      objectReference: {fileID: 0}
    - target: {fileID: 3569475516442482787, guid: ecdfeafcd625af941959048c9dfd1bed,
        type: 3}
      propertyPath: m_RootOrder
      value: 5
      objectReference: {fileID: 0}
    - target: {fileID: 3569475516442482787, guid: ecdfeafcd625af941959048c9dfd1bed,
        type: 3}
      propertyPath: m_LocalEulerAnglesHint.x
      value: 0
      objectReference: {fileID: 0}
    - target: {fileID: 3569475516442482787, guid: ecdfeafcd625af941959048c9dfd1bed,
        type: 3}
      propertyPath: m_LocalEulerAnglesHint.y
      value: 0
      objectReference: {fileID: 0}
    - target: {fileID: 3569475516442482787, guid: ecdfeafcd625af941959048c9dfd1bed,
        type: 3}
      propertyPath: m_LocalEulerAnglesHint.z
      value: 0
      objectReference: {fileID: 0}
    m_RemovedComponents: []
  m_SourcePrefab: {fileID: 100100000, guid: ecdfeafcd625af941959048c9dfd1bed, type: 3}
--- !u!1 &6166968078840900383 stripped
GameObject:
  m_CorrespondingSourceObject: {fileID: 5814771983812739405, guid: ecdfeafcd625af941959048c9dfd1bed,
    type: 3}
  m_PrefabInstance: {fileID: 371336432132909650}
  m_PrefabAsset: {fileID: 0}
--- !u!4 &3795993073057755697 stripped
Transform:
  m_CorrespondingSourceObject: {fileID: 3569475516442482787, guid: ecdfeafcd625af941959048c9dfd1bed,
    type: 3}
  m_PrefabInstance: {fileID: 371336432132909650}
  m_PrefabAsset: {fileID: 0}
--- !u!1001 &1255790860808270808
PrefabInstance:
  m_ObjectHideFlags: 0
  serializedVersion: 2
  m_Modification:
    m_TransformParent: {fileID: 7862639942534528053}
    m_Modifications:
    - target: {fileID: 8746230322399513231, guid: 6603f21ef29f91141bcacf894b5d67e9,
        type: 3}
      propertyPath: m_Name
      value: Boll (8)
      objectReference: {fileID: 0}
    - target: {fileID: 2926459874845401492, guid: 6603f21ef29f91141bcacf894b5d67e9,
        type: 3}
      propertyPath: m_LocalPosition.x
      value: 0.01
      objectReference: {fileID: 0}
    - target: {fileID: 2926459874845401492, guid: 6603f21ef29f91141bcacf894b5d67e9,
        type: 3}
      propertyPath: m_LocalPosition.y
      value: 4
      objectReference: {fileID: 0}
    - target: {fileID: 2926459874845401492, guid: 6603f21ef29f91141bcacf894b5d67e9,
        type: 3}
      propertyPath: m_LocalPosition.z
      value: -3.967629
      objectReference: {fileID: 0}
    - target: {fileID: 2926459874845401492, guid: 6603f21ef29f91141bcacf894b5d67e9,
        type: 3}
      propertyPath: m_LocalRotation.x
      value: 0
      objectReference: {fileID: 0}
    - target: {fileID: 2926459874845401492, guid: 6603f21ef29f91141bcacf894b5d67e9,
        type: 3}
      propertyPath: m_LocalRotation.y
      value: 0
      objectReference: {fileID: 0}
    - target: {fileID: 2926459874845401492, guid: 6603f21ef29f91141bcacf894b5d67e9,
        type: 3}
      propertyPath: m_LocalRotation.z
      value: 0
      objectReference: {fileID: 0}
    - target: {fileID: 2926459874845401492, guid: 6603f21ef29f91141bcacf894b5d67e9,
        type: 3}
      propertyPath: m_LocalRotation.w
      value: 1
      objectReference: {fileID: 0}
    - target: {fileID: 2926459874845401492, guid: 6603f21ef29f91141bcacf894b5d67e9,
        type: 3}
      propertyPath: m_RootOrder
      value: 6
      objectReference: {fileID: 0}
    - target: {fileID: 2926459874845401492, guid: 6603f21ef29f91141bcacf894b5d67e9,
        type: 3}
      propertyPath: m_LocalEulerAnglesHint.x
      value: 0
      objectReference: {fileID: 0}
    - target: {fileID: 2926459874845401492, guid: 6603f21ef29f91141bcacf894b5d67e9,
        type: 3}
      propertyPath: m_LocalEulerAnglesHint.y
      value: 0
      objectReference: {fileID: 0}
    - target: {fileID: 2926459874845401492, guid: 6603f21ef29f91141bcacf894b5d67e9,
        type: 3}
      propertyPath: m_LocalEulerAnglesHint.z
      value: 0
      objectReference: {fileID: 0}
    m_RemovedComponents: []
  m_SourcePrefab: {fileID: 100100000, guid: 6603f21ef29f91141bcacf894b5d67e9, type: 3}
--- !u!1 &7497839178356832599 stripped
GameObject:
  m_CorrespondingSourceObject: {fileID: 8746230322399513231, guid: 6603f21ef29f91141bcacf894b5d67e9,
    type: 3}
  m_PrefabInstance: {fileID: 1255790860808270808}
  m_PrefabAsset: {fileID: 0}
--- !u!4 &4175304018755621452 stripped
Transform:
  m_CorrespondingSourceObject: {fileID: 2926459874845401492, guid: 6603f21ef29f91141bcacf894b5d67e9,
    type: 3}
  m_PrefabInstance: {fileID: 1255790860808270808}
  m_PrefabAsset: {fileID: 0}
--- !u!1001 &1641776826652720809
PrefabInstance:
  m_ObjectHideFlags: 0
  serializedVersion: 2
  m_Modification:
    m_TransformParent: {fileID: 7862639942534528053}
    m_Modifications:
    - target: {fileID: 5814771983812739405, guid: ecdfeafcd625af941959048c9dfd1bed,
        type: 3}
      propertyPath: m_Name
      value: BollKill (34)
      objectReference: {fileID: 0}
    - target: {fileID: 3569475516442482787, guid: ecdfeafcd625af941959048c9dfd1bed,
        type: 3}
      propertyPath: m_LocalPosition.x
      value: -1
      objectReference: {fileID: 0}
    - target: {fileID: 3569475516442482787, guid: ecdfeafcd625af941959048c9dfd1bed,
        type: 3}
      propertyPath: m_LocalPosition.y
      value: -4
      objectReference: {fileID: 0}
    - target: {fileID: 3569475516442482787, guid: ecdfeafcd625af941959048c9dfd1bed,
        type: 3}
      propertyPath: m_LocalPosition.z
      value: -3.967629
      objectReference: {fileID: 0}
    - target: {fileID: 3569475516442482787, guid: ecdfeafcd625af941959048c9dfd1bed,
        type: 3}
      propertyPath: m_LocalRotation.x
      value: 0
      objectReference: {fileID: 0}
    - target: {fileID: 3569475516442482787, guid: ecdfeafcd625af941959048c9dfd1bed,
        type: 3}
      propertyPath: m_LocalRotation.y
      value: 0
      objectReference: {fileID: 0}
    - target: {fileID: 3569475516442482787, guid: ecdfeafcd625af941959048c9dfd1bed,
        type: 3}
      propertyPath: m_LocalRotation.z
      value: 0
      objectReference: {fileID: 0}
    - target: {fileID: 3569475516442482787, guid: ecdfeafcd625af941959048c9dfd1bed,
        type: 3}
      propertyPath: m_LocalRotation.w
      value: 1
      objectReference: {fileID: 0}
    - target: {fileID: 3569475516442482787, guid: ecdfeafcd625af941959048c9dfd1bed,
        type: 3}
      propertyPath: m_RootOrder
      value: 3
      objectReference: {fileID: 0}
    - target: {fileID: 3569475516442482787, guid: ecdfeafcd625af941959048c9dfd1bed,
        type: 3}
      propertyPath: m_LocalEulerAnglesHint.x
      value: 0
      objectReference: {fileID: 0}
    - target: {fileID: 3569475516442482787, guid: ecdfeafcd625af941959048c9dfd1bed,
        type: 3}
      propertyPath: m_LocalEulerAnglesHint.y
      value: 0
      objectReference: {fileID: 0}
    - target: {fileID: 3569475516442482787, guid: ecdfeafcd625af941959048c9dfd1bed,
        type: 3}
      propertyPath: m_LocalEulerAnglesHint.z
      value: 0
      objectReference: {fileID: 0}
    m_RemovedComponents: []
  m_SourcePrefab: {fileID: 100100000, guid: ecdfeafcd625af941959048c9dfd1bed, type: 3}
--- !u!1 &5078647631653584868 stripped
GameObject:
  m_CorrespondingSourceObject: {fileID: 5814771983812739405, guid: ecdfeafcd625af941959048c9dfd1bed,
    type: 3}
  m_PrefabInstance: {fileID: 1641776826652720809}
  m_PrefabAsset: {fileID: 0}
--- !u!4 &2828700651038992074 stripped
Transform:
  m_CorrespondingSourceObject: {fileID: 3569475516442482787, guid: ecdfeafcd625af941959048c9dfd1bed,
    type: 3}
  m_PrefabInstance: {fileID: 1641776826652720809}
  m_PrefabAsset: {fileID: 0}
--- !u!1001 &2047059648548401282
PrefabInstance:
  m_ObjectHideFlags: 0
  serializedVersion: 2
  m_Modification:
    m_TransformParent: {fileID: 7862639942534528053}
    m_Modifications:
    - target: {fileID: 5814771983812739405, guid: ecdfeafcd625af941959048c9dfd1bed,
        type: 3}
      propertyPath: m_Name
      value: BollKill (36)
      objectReference: {fileID: 0}
    - target: {fileID: 3569475516442482787, guid: ecdfeafcd625af941959048c9dfd1bed,
        type: 3}
      propertyPath: m_LocalPosition.x
      value: 3
      objectReference: {fileID: 0}
    - target: {fileID: 3569475516442482787, guid: ecdfeafcd625af941959048c9dfd1bed,
        type: 3}
      propertyPath: m_LocalPosition.y
      value: -4
      objectReference: {fileID: 0}
    - target: {fileID: 3569475516442482787, guid: ecdfeafcd625af941959048c9dfd1bed,
        type: 3}
      propertyPath: m_LocalPosition.z
      value: -3.967629
      objectReference: {fileID: 0}
    - target: {fileID: 3569475516442482787, guid: ecdfeafcd625af941959048c9dfd1bed,
        type: 3}
      propertyPath: m_LocalRotation.x
      value: 0
      objectReference: {fileID: 0}
    - target: {fileID: 3569475516442482787, guid: ecdfeafcd625af941959048c9dfd1bed,
        type: 3}
      propertyPath: m_LocalRotation.y
      value: 0
      objectReference: {fileID: 0}
    - target: {fileID: 3569475516442482787, guid: ecdfeafcd625af941959048c9dfd1bed,
        type: 3}
      propertyPath: m_LocalRotation.z
      value: 0
      objectReference: {fileID: 0}
    - target: {fileID: 3569475516442482787, guid: ecdfeafcd625af941959048c9dfd1bed,
        type: 3}
      propertyPath: m_LocalRotation.w
      value: 1
      objectReference: {fileID: 0}
    - target: {fileID: 3569475516442482787, guid: ecdfeafcd625af941959048c9dfd1bed,
        type: 3}
      propertyPath: m_RootOrder
      value: 4
      objectReference: {fileID: 0}
    - target: {fileID: 3569475516442482787, guid: ecdfeafcd625af941959048c9dfd1bed,
        type: 3}
      propertyPath: m_LocalEulerAnglesHint.x
      value: 0
      objectReference: {fileID: 0}
    - target: {fileID: 3569475516442482787, guid: ecdfeafcd625af941959048c9dfd1bed,
        type: 3}
      propertyPath: m_LocalEulerAnglesHint.y
      value: 0
      objectReference: {fileID: 0}
    - target: {fileID: 3569475516442482787, guid: ecdfeafcd625af941959048c9dfd1bed,
        type: 3}
      propertyPath: m_LocalEulerAnglesHint.z
      value: 0
      objectReference: {fileID: 0}
    m_RemovedComponents: []
  m_SourcePrefab: {fileID: 100100000, guid: ecdfeafcd625af941959048c9dfd1bed, type: 3}
--- !u!1 &5537920833328918991 stripped
GameObject:
  m_CorrespondingSourceObject: {fileID: 5814771983812739405, guid: ecdfeafcd625af941959048c9dfd1bed,
    type: 3}
  m_PrefabInstance: {fileID: 2047059648548401282}
  m_PrefabAsset: {fileID: 0}
--- !u!4 &3306151155574335713 stripped
Transform:
  m_CorrespondingSourceObject: {fileID: 3569475516442482787, guid: ecdfeafcd625af941959048c9dfd1bed,
    type: 3}
  m_PrefabInstance: {fileID: 2047059648548401282}
  m_PrefabAsset: {fileID: 0}
--- !u!1001 &5053059683362005690
PrefabInstance:
  m_ObjectHideFlags: 0
  serializedVersion: 2
  m_Modification:
    m_TransformParent: {fileID: 7862639942534528053}
    m_Modifications:
    - target: {fileID: 5814771983812739405, guid: ecdfeafcd625af941959048c9dfd1bed,
        type: 3}
      propertyPath: m_Name
      value: BollKill (18)
      objectReference: {fileID: 0}
    - target: {fileID: 3569475516442482787, guid: ecdfeafcd625af941959048c9dfd1bed,
        type: 3}
      propertyPath: m_LocalPosition.x
      value: -3
      objectReference: {fileID: 0}
    - target: {fileID: 3569475516442482787, guid: ecdfeafcd625af941959048c9dfd1bed,
        type: 3}
      propertyPath: m_LocalPosition.y
      value: 4
      objectReference: {fileID: 0}
    - target: {fileID: 3569475516442482787, guid: ecdfeafcd625af941959048c9dfd1bed,
        type: 3}
      propertyPath: m_LocalPosition.z
      value: -3.99
      objectReference: {fileID: 0}
    - target: {fileID: 3569475516442482787, guid: ecdfeafcd625af941959048c9dfd1bed,
        type: 3}
      propertyPath: m_LocalRotation.x
      value: 0
      objectReference: {fileID: 0}
    - target: {fileID: 3569475516442482787, guid: ecdfeafcd625af941959048c9dfd1bed,
        type: 3}
      propertyPath: m_LocalRotation.y
      value: 0
      objectReference: {fileID: 0}
    - target: {fileID: 3569475516442482787, guid: ecdfeafcd625af941959048c9dfd1bed,
        type: 3}
      propertyPath: m_LocalRotation.z
      value: 0
      objectReference: {fileID: 0}
    - target: {fileID: 3569475516442482787, guid: ecdfeafcd625af941959048c9dfd1bed,
        type: 3}
      propertyPath: m_LocalRotation.w
      value: 1
      objectReference: {fileID: 0}
    - target: {fileID: 3569475516442482787, guid: ecdfeafcd625af941959048c9dfd1bed,
        type: 3}
      propertyPath: m_RootOrder
      value: 2
      objectReference: {fileID: 0}
    - target: {fileID: 3569475516442482787, guid: ecdfeafcd625af941959048c9dfd1bed,
        type: 3}
      propertyPath: m_LocalEulerAnglesHint.x
      value: 0
      objectReference: {fileID: 0}
    - target: {fileID: 3569475516442482787, guid: ecdfeafcd625af941959048c9dfd1bed,
        type: 3}
      propertyPath: m_LocalEulerAnglesHint.y
      value: 0
      objectReference: {fileID: 0}
    - target: {fileID: 3569475516442482787, guid: ecdfeafcd625af941959048c9dfd1bed,
        type: 3}
      propertyPath: m_LocalEulerAnglesHint.z
      value: 0
      objectReference: {fileID: 0}
    m_RemovedComponents: []
  m_SourcePrefab: {fileID: 100100000, guid: ecdfeafcd625af941959048c9dfd1bed, type: 3}
--- !u!1 &1626410028614198263 stripped
GameObject:
  m_CorrespondingSourceObject: {fileID: 5814771983812739405, guid: ecdfeafcd625af941959048c9dfd1bed,
    type: 3}
  m_PrefabInstance: {fileID: 5053059683362005690}
  m_PrefabAsset: {fileID: 0}
--- !u!4 &8622493401182501593 stripped
Transform:
  m_CorrespondingSourceObject: {fileID: 3569475516442482787, guid: ecdfeafcd625af941959048c9dfd1bed,
    type: 3}
  m_PrefabInstance: {fileID: 5053059683362005690}
  m_PrefabAsset: {fileID: 0}
--- !u!1001 &7972787890799219559
PrefabInstance:
  m_ObjectHideFlags: 0
  serializedVersion: 2
  m_Modification:
    m_TransformParent: {fileID: 7862639942534528053}
    m_Modifications:
    - target: {fileID: 8746230322399513231, guid: 6603f21ef29f91141bcacf894b5d67e9,
        type: 3}
      propertyPath: m_Name
      value: Boll (7)
      objectReference: {fileID: 0}
    - target: {fileID: 2926459874845401492, guid: 6603f21ef29f91141bcacf894b5d67e9,
        type: 3}
      propertyPath: m_LocalPosition.x
      value: 2.01
      objectReference: {fileID: 0}
    - target: {fileID: 2926459874845401492, guid: 6603f21ef29f91141bcacf894b5d67e9,
        type: 3}
      propertyPath: m_LocalPosition.y
      value: 0
      objectReference: {fileID: 0}
    - target: {fileID: 2926459874845401492, guid: 6603f21ef29f91141bcacf894b5d67e9,
        type: 3}
      propertyPath: m_LocalPosition.z
      value: -3.967629
      objectReference: {fileID: 0}
    - target: {fileID: 2926459874845401492, guid: 6603f21ef29f91141bcacf894b5d67e9,
        type: 3}
      propertyPath: m_LocalRotation.x
      value: 0
      objectReference: {fileID: 0}
    - target: {fileID: 2926459874845401492, guid: 6603f21ef29f91141bcacf894b5d67e9,
        type: 3}
      propertyPath: m_LocalRotation.y
      value: 0
      objectReference: {fileID: 0}
    - target: {fileID: 2926459874845401492, guid: 6603f21ef29f91141bcacf894b5d67e9,
        type: 3}
      propertyPath: m_LocalRotation.z
      value: 0
      objectReference: {fileID: 0}
    - target: {fileID: 2926459874845401492, guid: 6603f21ef29f91141bcacf894b5d67e9,
        type: 3}
      propertyPath: m_LocalRotation.w
      value: 1
      objectReference: {fileID: 0}
    - target: {fileID: 2926459874845401492, guid: 6603f21ef29f91141bcacf894b5d67e9,
        type: 3}
      propertyPath: m_RootOrder
      value: 1
      objectReference: {fileID: 0}
    - target: {fileID: 2926459874845401492, guid: 6603f21ef29f91141bcacf894b5d67e9,
        type: 3}
      propertyPath: m_LocalEulerAnglesHint.x
      value: 0
      objectReference: {fileID: 0}
    - target: {fileID: 2926459874845401492, guid: 6603f21ef29f91141bcacf894b5d67e9,
        type: 3}
      propertyPath: m_LocalEulerAnglesHint.y
      value: 0
      objectReference: {fileID: 0}
    - target: {fileID: 2926459874845401492, guid: 6603f21ef29f91141bcacf894b5d67e9,
        type: 3}
      propertyPath: m_LocalEulerAnglesHint.z
      value: 0
      objectReference: {fileID: 0}
    m_RemovedComponents: []
  m_SourcePrefab: {fileID: 100100000, guid: 6603f21ef29f91141bcacf894b5d67e9, type: 3}
--- !u!1 &1713006662610065896 stripped
GameObject:
  m_CorrespondingSourceObject: {fileID: 8746230322399513231, guid: 6603f21ef29f91141bcacf894b5d67e9,
    type: 3}
  m_PrefabInstance: {fileID: 7972787890799219559}
  m_PrefabAsset: {fileID: 0}
--- !u!4 &5060312704649507571 stripped
Transform:
  m_CorrespondingSourceObject: {fileID: 2926459874845401492, guid: 6603f21ef29f91141bcacf894b5d67e9,
    type: 3}
  m_PrefabInstance: {fileID: 7972787890799219559}
  m_PrefabAsset: {fileID: 0}
--- !u!1001 &8299978661293486513
PrefabInstance:
  m_ObjectHideFlags: 0
  serializedVersion: 2
  m_Modification:
    m_TransformParent: {fileID: 7862639942534528053}
    m_Modifications:
    - target: {fileID: 8746230322399513231, guid: 6603f21ef29f91141bcacf894b5d67e9,
        type: 3}
      propertyPath: m_Name
      value: Boll (5)
      objectReference: {fileID: 0}
    - target: {fileID: 2926459874845401492, guid: 6603f21ef29f91141bcacf894b5d67e9,
        type: 3}
      propertyPath: m_LocalPosition.x
      value: -1.99
      objectReference: {fileID: 0}
    - target: {fileID: 2926459874845401492, guid: 6603f21ef29f91141bcacf894b5d67e9,
        type: 3}
      propertyPath: m_LocalPosition.y
      value: 0.02
      objectReference: {fileID: 0}
    - target: {fileID: 2926459874845401492, guid: 6603f21ef29f91141bcacf894b5d67e9,
        type: 3}
      propertyPath: m_LocalPosition.z
      value: -3.967629
      objectReference: {fileID: 0}
    - target: {fileID: 2926459874845401492, guid: 6603f21ef29f91141bcacf894b5d67e9,
        type: 3}
      propertyPath: m_LocalRotation.x
      value: 0
      objectReference: {fileID: 0}
    - target: {fileID: 2926459874845401492, guid: 6603f21ef29f91141bcacf894b5d67e9,
        type: 3}
      propertyPath: m_LocalRotation.y
      value: 0
      objectReference: {fileID: 0}
    - target: {fileID: 2926459874845401492, guid: 6603f21ef29f91141bcacf894b5d67e9,
        type: 3}
      propertyPath: m_LocalRotation.z
      value: 0
      objectReference: {fileID: 0}
    - target: {fileID: 2926459874845401492, guid: 6603f21ef29f91141bcacf894b5d67e9,
        type: 3}
      propertyPath: m_LocalRotation.w
      value: 1
      objectReference: {fileID: 0}
    - target: {fileID: 2926459874845401492, guid: 6603f21ef29f91141bcacf894b5d67e9,
        type: 3}
      propertyPath: m_RootOrder
      value: 0
      objectReference: {fileID: 0}
    - target: {fileID: 2926459874845401492, guid: 6603f21ef29f91141bcacf894b5d67e9,
        type: 3}
      propertyPath: m_LocalEulerAnglesHint.x
      value: 0
      objectReference: {fileID: 0}
    - target: {fileID: 2926459874845401492, guid: 6603f21ef29f91141bcacf894b5d67e9,
        type: 3}
      propertyPath: m_LocalEulerAnglesHint.y
      value: 0
      objectReference: {fileID: 0}
    - target: {fileID: 2926459874845401492, guid: 6603f21ef29f91141bcacf894b5d67e9,
        type: 3}
      propertyPath: m_LocalEulerAnglesHint.z
      value: 0
      objectReference: {fileID: 0}
    m_RemovedComponents: []
  m_SourcePrefab: {fileID: 100100000, guid: 6603f21ef29f91141bcacf894b5d67e9, type: 3}
--- !u!1 &742997995521833790 stripped
GameObject:
  m_CorrespondingSourceObject: {fileID: 8746230322399513231, guid: 6603f21ef29f91141bcacf894b5d67e9,
    type: 3}
  m_PrefabInstance: {fileID: 8299978661293486513}
  m_PrefabAsset: {fileID: 0}
--- !u!4 &6607815698798366757 stripped
Transform:
  m_CorrespondingSourceObject: {fileID: 2926459874845401492, guid: 6603f21ef29f91141bcacf894b5d67e9,
    type: 3}
  m_PrefabInstance: {fileID: 8299978661293486513}
  m_PrefabAsset: {fileID: 0}
